[Event "*** Titled Tuesday Blitz"]
[Site "Chess.com"]
[Date "2021.04.27"]
[Round "9"]
[White "Kapibara_Warri0r"]
[Black "djano"]
[Result "1-0"]
[WhiteElo "2254"]
[BlackElo "2462"]
[TimeControl "180+1"]
[EndTime "11:44:51 PDT"]
[Termination "Kapibara_Warri0r won on time"]

1. e4 c6 2. d4 d5 3. Nc3 dxe4 4. Nxe4 Nf6 5. Nxf6+ exf6 6. c3 Bd6 7. Qf3 O-O 8. Bd3 Re8+ 9. Ne2 Nd7 10. O-O Nf8 11. Bf4 Ng6 12. Bxd6 Qxd6 13. Ng3 Be6 14. b3 b5 15.
Rfe1 Rad8 16. Nf5 Bxf5 17. Qxf5 b4 18. Qf3 bxc3 19. Bxg6 hxg6 20. Qxc3 Re6 21. Rad1 Rde8 22. Rxe6 Qxe6 23. g3 Rd8 24. Qc4 Qg4 25. Rc1 Rd6 26. Qc5 Rxd4 27. Qxc6 Rd1+ 28. Rxd1 Qxd1+ 29. Kg2 Qd8 30. Qb7 a5 31. a4 Qd2 32. Qc8+ Kh7 33. Qh3+ Kg8 34. Qc8+ Kh7 35. Qc4 g5 36. Qe4+ g6 37. Qc4 Kg7 38. Qb5 Qc3 39. Qd5 Qb4 40. Qc4 Qd2 41.
h3 f5 42. Qb5 g4 43. Qe5+ Kg8 44. hxg4 fxg4 45. Qe8+ Kg7 46. Qe5+ Kf8 47. Qc5+ Kg8 48. Qc4 Qd7 49. Qb5 Qd1 50. Qxa5 Qf3+ 51. Kg1 Qd1+ 52.
Kh2 Qxb3 53. Qd8+ Kg7 54. Qd4+ f6 55. a5 Qa2 56. Qa7+ Kh6 57. a6 f5 58. Qe3+ g5 59. a7 f4 60. Qb6+ Kh5 61. Qc5 fxg3+ 62. Kxg3 Qb3+ 63.
Kh2 Qg3+ 64. fxg3 1-0

[Event "*** Titled Tuesday Blitz"]
[Site "Chess.com"]
[Date "2021.04.27"]
[Round "9"]
[White "ckgchess"]
[Black "sergiochess83"]
[Result "0-1"]
[WhiteElo "2687"]
[BlackElo "2882"]
[TimeControl "180+1"]
[EndTime "11:44:53 PDT"]
[Termination "sergiochess83 won by resignation"]

1. e4 c6 2. d4 d5 3. e5 Bf5 4. Nd2 e6 5. Nb3 Nd7 6. Nf3 h6 7. Be2 Ne7 8. O-O g5 9. Ne1 c5 10. Nxc5 Nxc5 11. dxc5 Nc6 12. Bd3 Bxc5 13. Bxf5 exf5 14.
Nd3 Bb6 15. Re1 Qe7 16. a4 O-O-O 17. a5 Nxa5 18. Be3 d4 19. Bd2 Nc6 20. b4 Qe6 21. b5 Ne7 22. Ba5 Nd5 23. Bxb6 Qxb6 24. Qf3 f4 25. Qg4+ Kb8 26. Qf5 Qe6 27. Qe4 Nc3 28. Qf3 Qd5 29. Qh5 Nxb5 30. e6 fxe6 31. Re5 Qd7 32. Nc5 Qd6 33. Rae1 Nc7 34. Qf3 Qc6 35. Qb3 Rd5 36. Rxd5 Qxd5 37. Qb4 b6 38. Nd3 Rc8 39.
h3 f3 40. Re5 Qc6 41. Qxd4 fxg2 42. c4 Qf3 43. Re3 Qf5 44. Qd6 Kb7 45. c5 Qd5 46.
Qg3 Rd8 47. cxb6 axb6 48. Ne1 Qc6 49. Nxg2 Nd5 50. Rb3 Nf4 51. Qf3 Qxf3 52. Rxf3 Rf8 53. Re3 b5 54. Nxf4 Rxf4 55. Rxe6 b4 56. Kf1 b3 57. Re1 Rb4 58. Rb1 Kc6 59. Ke2 Kd5 60.
Kd2 Ke4 61. Kc3 Rb8 62. Re1+ Kf3 63. Kb2 Kxf2 64. Re6 h5 65. Re5 Rg8 66. Kxb3 g4 67. hxg4 hxg4 68. Rf5+ Ke3 69. Kc3 g3 70. Re5+ Kf4 71.
Re8 Rxe8 0-1

[Event "*** Titled Tuesday Blitz"]
[Site "Chess.com"]
[Date "2021.04.27"]
[Round "9"]
[White "AlexPapasimakopoulos"]
[Black "nrvisakh"]
[Result "1-0"]
[WhiteElo "2587"]
[BlackElo "2789"]
[TimeControl "180+1"]
[EndTime "11:44:53 PDT"]
[Termination "AlexPapasimakopoulos won by resignation"]

1. d4 Nf6 2. c4 e6 3. Nc3 d5 4. cxd5 Nxd5 5. e4 Nxc3 6. bxc3 c5 7. Rb1 cxd4 8. cxd4 Be7 9. Nf3 O-O 10. Bc4 Nd7 11.
O-O Nf6 12. Qe2 b6 13. Rd1 Bb7 14. Bd3 Qc7 15. Bg5 Rac8 16. a4 h6 17. Bd2 Qc6 18. Re1 Qxa4 19. Ra1 Qd7 20. Rxa7 Ra8 21. Rxa8 Rxa8 22.
Rb1 Qc7 23. h3 Ra3 24. Kh1 Rxd3 25. Rc1 Rxd2 26. Qxd2 Qb8 27. d5 exd5 28. exd5 Bc5 29.
d6 Bxf3 30. gxf3 Qxd6 31. Qe2 Qd7 32. Kg2 Qf5 33. Rd1 Nd5 34. Qe4 Nf4+ 35. Kf1 Qxh3+ 36. Ke1 Bb4+ 37. Qxb4 Qe6+ 38. Qe4 Qxe4+ 39. fxe4 Ne6 40. Rb1 Ng5 41. Rb4 f6 42. Ke2 Kf7 43. f4 Ne6 44. Ke3 g6 45. Rxb6 Ng7 46. Rb7+ Kf8 47. Kd4 Ne6+ 48.
Ke3 h5 49. f5 gxf5 50. exf5 Ng7 51. Kf4 Ne8 52. Rh7 Ng7 53. Rh8+ Kf7 54. Ke4 Ke7 55. Ra8 Kf7 56. Ra7+ Kg8 57. Rb7 Kf8 58. Kf4 Kg8 59. Rb5 Kh7 60. Rb6 Ne8 61. Re6 Ng7 62. Rxf6 h4 63. Kg4 h3 64. Kxh3 Nh5 65. Ra6 Nf4+ 66. Kg4 Nd3 67. Kg5 Nc5 68. Ra7+ Kg8 69. Kg6 1-0

[Event "*** Titled Tuesday Blitz"]
[Site "Chess.com"]
[Date "2021.04.27"]
[Round "9"]
[White "Chernov_Alexander_A"]
[Black "monikarozman"]
[Result "0-1"]
[WhiteElo "2319"]
[BlackElo "2219"]
[TimeControl "180+1"]
[EndTime "11:45:00 PDT"]
[Termination "monikarozman won on time"]

1. Nf3 Nf6 2. g3 d5 3. Bg2 Bg4 4. O-O c6 5. h3 Bxf3 6. Bxf3 e5 7.
Bg2 Nbd7 8. d3 Be7 9. e4 dxe4 10. dxe4 O-O 11. Qe2 a5 12. Nc3 Nc5 13. Nd1 Qc7 14. f3 Rfd8 15. Ne3 Bf8 16. h4 Ne6 17. c3 b5 18. Bh3 Nc5 19. Rd1 Rxd1+ 20. Qxd1 Rd8 21. Qe2 Nd3 22. Rb1 Nxc1 23. Rxc1 Nd7 24. Bf1 Nc5 25.
Rd1 Ne6 26. Kg2 Bc5 27. Rxd8+ Qxd8 28. Nf5 g6 29. Nh6+ Kg7 30. Ng4 f6 31. Nf2 a4 32.
Nd3 Bb6 33. a3 Qd6 34. Ne1 Nc5 35. Nd3 Nxd3 36. Qxd3 Qxd3 37. Bxd3 Kf7 38. c4 bxc4 39. Bxc4+ Ke7 40. b3 axb3 41. Bxb3 Bc5 42. a4 Bb4 43. Kf1 h6 44. Ke2 Kd6 45. g4 g5 46. h5 Kc5 47.
Kd3 Be1 48. Kc2 Kd4 49. Kd1 Ba5 50. Ke2 Bb4 51. Be6 c5 52. Bd7 Ba5 53. Bb5 c4 54.
Ba6 Kc3 55. Bb5 Kb3 56. Kd1 c3 57. Bd3 Kxa4 58. Kc2 Kb4 59. Ba6 Kc5 60. Kd3 Kb4 61.
Kc2 Bb6 62. Bb7 Be3 63. Bd5 Bf2 64. Be6 Be1 65. Bf7 Bd2 66. Be6 Kc5 67. Kd3 Kb5 68.
Kc2 Kb4 69. Bd5 Be1 70. Be6 Bf2 71. Bf7 Bd4 72. Be6 Bb6 73. Bf7 Ba5 74. Be6 Kc5 75. Bf7 Kd4 76. Be8 Ke3 0-1

[Event "*** Titled Tuesday Blitz"]
[Site "Chess.com"]
[Date "2021.04.27"]
[Round "9"]
[White "Witik"]
[Black "PlotnikovPavel"]
[Result "0-1"]
[WhiteElo "2667"]
[BlackElo "2472"]
[TimeControl "180+1"]
[EndTime "11:45:04 PDT"]
[Termination "PlotnikovPavel won on time"]

1. d4 c5 2. d5 e5 3. e4 d6 4. Nc3 a6 5. a4 Be7 6. Be2 Bg5 7. Bxg5 Qxg5 8. Nf3 Qd8 9. Nd2 Ne7 10. Nc4 Ng6 11. a5 O-O 12. Nb6 Ra7 13. O-O Nd7 14. Nca4 Nf6 15. Re1 Bd7 16. Bf1 Bxa4 17.
Rxa4 Nd7 18. Nc4 Nf6 19. c3 Ra8 20. b4 Rc8 21. Nb6 Rc7 22. b5 axb5 23. Bxb5 h6 24. Nc4 Nh7 25. a6 bxa6 26. Rxa6 Rb7 27. Nxd6 Rb6 28.
Rxb6 Qxb6 29. Bc6 Qb2 30. Qc1 Qa2 31. Nf5 Nf4 32. Qb1 Qd2 33. c4 Ng5 34. Ne3 Nd3 35. Rf1 Nxe4 36. Qd1 Qxd1 37. Nxd1 Nd6 38. Nc3 e4 39. Nb5 Rd8 40. Nxd6 Rxd6 41. Rb1 f5 42.
Kf1 Ne5 43. Bb5 Kf7 44. Ra1 Kf6 45. Ra7 f4 46. Rc7 Nd3 47. Rc8 g5 48. Ke2 Ke5 49. f3 Kd4 50. fxe4 Nc1+ 51. Kf3 Nd3 52. Re8 Ne5+ 53.
Ke2 Kxe4 54. Rc8 Kd4 55. Re8 Nxc4 56. Bc6 Ne5 57. Bb7 c4 58. Re6 Rxe6 59. dxe6 Ng6 60.
Bc6 Ne7 61. Ba4 Kc5 62. Bc2 Kd6 63. Kd2 Kxe6 64. Kc3 Kd5 65. Ba4 Kc5 66. Bd7 Nd5+ 67. Kd2 Kd4 68. Be6 c3+ 69. Ke2 Ne3 70. g3 c2 71. Kd2 f3 72. Bb3 f2 0-1

[Event "*** Titled Tuesday Blitz"]
[Site "Chess.com"]
[Date "2021.04.27"]
[Round "9"]
[White "JoliyRoger"]
[Black "Pelopidass"]
[Result "1-0"]
[WhiteElo "2405"]
[BlackElo "2531"]
[TimeControl "180+1"]
[EndTime "11:45:07 PDT"]
[Termination "JoliyRoger won on time"]

1. Nf3 Nf6 2. c4 g6 3. d4 Bg7 4. Nc3 O-O 5. e4 d6 6. h3 c5 7. d5 b5 8. cxb5 a6 9. a4 Qa5 10. Bd2 Nbd7 11. Ra3 Bb7 12. Bd3 Rfc8 13. O-O c4 14. Bc2 axb5 15. Nxb5 Qd8 16. Bc3 Nc5 17. Re1 Ba6 18. Nbd4 e5 19. Nc6 Qc7 20. Bb4 Nd3 21. Bxd3 cxd3 22. Rc3 Qd7 23. Ba3 Bh6 24. b4 Bb7 25. b5 d2 26. Nxd2 Bxd2 27. Qxd2 Rxa4 28. f3 Bxc6 29. dxc6 Qa7+ 30. Kh2 Rxa3 31. Rxa3 Qxa3 32. Rb1 Qc5 33. Qa5 Rxc6 34. Qd8+ Kg7 35. bxc6 Qxc6 36. Qb6 Qd7 37. Rd1 Ne8 38. Qb2 Qe6 39. Qd2 h5 40.
Qd5 Qe7 41. Qd2 h4 42. Kg1 Qa7+ 43. Qf2 Qa4 44. Re1 Qc4 45. Qxh4 Nf6 46. Qf2 Nh5 47. Kh2 Nf4 48. Rd1 d5 49. exd5 Nxd5 50. Qd2 Nf4 51.
Qf2 Qc7 52. Kh1 g5 53. Qe3 Qa5 54. Re1 f6 55. Kh2 Kh6 56. Rd1 Qa2 57. Rd2 Qb1 58. Qf2 Qb8 59. h4 e4 60. hxg5+ fxg5 61.
Qg3 e3 62. Ra2 Qb7 63. Qg4 e2 64. Ra1 Qc7 65. Qg3 Qc6 66. Re1 Qe6 67. Qf2 Qe5 68. Kg1 Nd3 69. Qxe2 Qd4+ 70. Qe3 Qc4 71. Qe6+ Kh5 72.
Qxc4 1-0

[Event "*** Titled Tuesday Blitz"]
[Site "Chess.com"]
[Date "2021.04.27"]
[Round "9"]
[White "catzapto"]
[Black "ADODOVE"]
[Result "0-1"]
[WhiteElo "2089"]
[BlackElo "2005"]
[TimeControl "180+1"]
[EndTime "11:45:08 PDT"]
[Termination "ADODOVE won by checkmate"]

1. e4 c5 2. Nf3 d6 3. c3 g6 4. d4 cxd4 5. cxd4 Bg7 6. Nc3 Nf6 7. Bc4 O-O 8. O-O Nxe4 9. Nxe4 d5 10. Bd3 dxe4 11.
Bxe4 Nc6 12. Bxc6 bxc6 13. Be3 Bg4 14. Rc1 Qd5 15. b3 Bxf3 16. Qxf3 Qxf3 17. gxf3 Rfc8 18. Rc4 a5 19. Rfc1 a4 20. Rxc6 Rxc6 21. Rxc6 axb3 22.
axb3 h5 23. Rb6 Ra1+ 24. Kg2 Rd1 25. Rb8+ Kh7 26. Rb7 Bf6 27. b4 Kg7 28. b5 Rb1 29. d5 g5 30. b6 g4 31. fxg4 hxg4 32. Rd7 Kf8 33. b7 Ke8 34. Rc7 Be5 35. Rc8+ Kd7 36. Rf8 f6 37. Bd4 Rxb7 38. Bxe5 fxe5 39. Kg3 Rb4 40.
Rg8 Kd6 41. Rxg4 Rb3+ 42. Kg2 Kxd5 43. h4 e4 44. h5 Rb2 45. h6 e3 46. Rf4 e2 47. Rf5+ Ke6 48. h7 Rb8 49. Rf3 e1=Q 50. Re3+ Qxe3 51. fxe3 Rh8 52. Kf3 Rxh7 53. Ke4 Rh3 54.
Kd4 Rxe3 55. Kxe3 Ke5 56. Kf3 Kf5 57. Ke3 Ke5 58. Kf3 Kd4 59. Ke2 Ke4 60. Kf2 Kd3 61.
Ke1 Ke3 62. Kf1 Kd2 63. Kf2 e5 64. Kf3 Kd3 65. Kf2 e4 66. Kf1 Kd2 67. Kf2 e3+ 68. Kf1 e2+ 69. Kg2 e1=Q 70. Kf3 Qe5 71. Kg4 Kd3 72.
Kf3 Kd2 73. Kg2 Qf4 74. Kg1 Qe3+ 75. Kg2 Ke2 76. Kh2 Qf3 77. Kg1 Qg3+ 78. Kh1 Qg5 79. Kh2 Kf3 80. Kh3 Qg3# 0-1

[Event "*** Titled Tuesday Blitz"]
[Site "Chess.com"]
[Date "2021.04.27"]
[Round "9"]
[White "GM_dmitrij"]
[Black "Beca95"]
[Result "1-0"]
[WhiteElo "2972"]
[BlackElo "2875"]
[TimeControl "180+1"]
[EndTime "11:45:09 PDT"]
[Termination "GM_dmitrij won by resignation"]

1. e4 c5 2. Nf3 Nc6 3. Bb5 e6 4. O-O Nge7 5. Re1 a6 6. Bf1 d5 7.
exd5 Qxd5 8. Na3 Nf5 9. Nc4 Qd8 10. b3 Be7 11. Bb2 O-O 12. a4 b6 13. a5 b5 14.
Nb6 Ra7 15. Bd3 Bb7 16. Ne5 Nxa5 17. Nbd7 Re8 18. Rxa5 Qxa5 19. Nxf7 Qc7 20. Qh5 Qxd7 21. Ne5 g6 22. Nxg6 Bf6 23. Bxf6 Qf7 24. Bxf5 Qxf6 25. Ne5 Re7 26. Ng4 Qg7 27. Bxe6+ Kh8 28. f4 Bc8 29. f5 Bxe6 30. fxe6 Ra8 31. Qxc5 Rae8 32. Qf5 Rf8 33. Qe4 Qg5 34. h3 Rf4 35. Qe3 Rf5 36.
Qe4 h5 37. Ne3 Rf6 38. Qa8+ Kh7 39. Qxa6 Rexe6 40. Qb7+ Kh6 41. Qc8 Kh7 42. c4 Rg6 43. Qb7+ Rg7 44. Qf3 Rf6 45. Qe4+ Kh6 46. Re2 Rgg6 47.
Kh2 Qg3+ 48. Kg1 Qg5 49. Rf2 Rxf2 50. Kxf2 bxc4 51. bxc4 Rf6+ 52. Ke2 Qf4 53. Qxf4+ Rxf4 54. c5 Kg5 55. Kd3 Kg6 56. Kc3 Kf7 57. d4 Ke6 58.
Kd3 Kd7 59. Kc4 h4 60. Ng4 Re4 61. Kd5 Re2 62. Ne5+ Kc7 63. Nf3 Rxg2 64. Nxh4 Rh2 65.
Ng6 Rxh3 66. Nf4 Rf3 67. Ne6+ Kc8 68. Kd6 Rf7 69. d5 Rd7+ 70. Ke5 Ra7 71. d6 Ra6 72. Kd5 Kd7 73. c6+ Rxc6 74. Nf8+ Kc8 75. Kxc6 1-0

[Event "*** Titled Tuesday Blitz"]
[Site "Chess.com"]
[Date "2021.04.27"]
[Round "9"]
[White "UmbertoConcelli"]
[Black "azikom"]
[Result "1/2-1/2"]
[WhiteElo "2804"]
[BlackElo "2655"]
[TimeControl "180+1"]
[EndTime "11:45:10 PDT"]
[Termination "Game drawn - insufficient material"]

1. d4 d5 2. Nf3 c6 3. c4 Nf6 4. Nc3 dxc4 5. a4 Bf5 6. e3 e6 7. Bxc4 Bb4 8. O-O O-O 9. Qe2 c5 10. Na2 Ba5 11. dxc5 Nc6 12. Bd2 Ne4 13. Bxa5 Qxa5 14.
Bb5 Bg4 15. Qc2 Bxf3 16. gxf3 Nf6 17. Rfd1 Qc7 18. Rd6 Ne5 19. f4 Nf3+ 20. Kg2 Nh4+ 21.
Kf1 Rfc8 22. Rad1 a6 23. Be2 Nf5 24. R6d2 Qc6 25. Kg1 Nh4 26. f3 Nxf3+ 27. Bxf3 Qxf3 28. Rd3 h6 29. b4 a5 30. b5 Qg4+ 31. Kf1 Qh3+ 32. Kg1 Qg4+ 33. Kf1 Qf3+ 34. Kg1 Ne4 35. c6 bxc6 36. b6 Rab8 37. Rb1 Qg4+ 38. Qg2 Qf5 39.
Qf1 Nf6 40. Rd4 c5 41. Rd6 Ne4 42. Rdd1 c4 43. Rdc1 c3 44. Rb5 Qg4+ 45. Qg2 Qxg2+ 46. Kxg2 Rc6 47. Kf3 f5 48. b7 Rc7 49. Rxa5 Rbxb7 50. Rb5 Rxb5 51. axb5 Kf7 52. b6 Rb7 53. Nxc3 Nxc3 54.
Rxc3 Rxb6 55. Rc7+ Kf6 56. h4 Rb1 57. Rc8 Rh1 58.
Kg3 Rg1+ 59. Kh3 Re1 60. Rc3 g5 61. hxg5+ hxg5 62. fxg5+ Kxg5 63. Kg3 e5 64. Kf2 Ra1 65. Rc4 e4 66. Rc8 Ra2+ 67. Kg3 Re2 68. Rg8+ Kf6 69.
Rf8+ Ke6 70. Kf4 Rf2+ 71. Kg5 Rf3 72. Re8+ Kd7 73. Re5 Kd6 74. Rxf5 Rxe3 75. Kf4 Rf3+ 76. Kxe4 Rxf5 77. Kxf5 1/2-1/2

[Event "*** Titled Tuesday Blitz"]
[Site "Chess.com"]
[Date "2021.04.27"]
[Round "9"]
[White "blitzking1729"]
[Black "Ajedrez_con_German"]
[Result "1/2-1/2"]
[WhiteElo "2663"]
[BlackElo "2531"]
[TimeControl "180+1"]
[EndTime "11:45:12 PDT"]
[Termination "Game drawn - insufficient material"]

1. d4 e6 2. Nf3 f5 3. Bg5 Be7 4.
Bxe7 Qxe7 5. Nbd2 Nf6 6. e3 O-O 7. Bd3 d5 8. Ne5 Nbd7 9. f4 Nxe5 10. fxe5 Ne4 11. O-O Bd7 12. Bxe4 fxe4 13. Qe2 Qb4 14.
Rxf8+ Rxf8 15. Nb3 a5 16. Qd2 Qxd2 17. Nxd2 Kf7 18. Rf1+ Ke7 19. Rxf8 Kxf8 20. Kf2 Ke7 21. Nb1 b6 22. Nc3 Kf7 23. a3 c5 24. Ne2 Bb5 25. Ng3 Bc4 26. Nh5 Ba6 27. Nf4 Bb5 28. c3 a4 29. h4 Ba6 30. Ke1 Bb5 31. g4 Ke7 32.
Kf2 Kf7 33. Kg3 Bc4 34. h5 h6 35. Kh4 Bb5 36. g5 hxg5+ 37. Kxg5 Bc4 38. Ng6 Be2 39. Nh8+ Kg8 40. Ng6 Kf7 41. Nf4 Bc4 42.
h6 gxh6+ 43. Kxh6 Bf1 44. Nh5 Be2 45. Nf6 Bb5 46. Nh7 Be2 47. Ng5+ Ke7 48. Kg7 Bg4 49. Nf7 Be2 50. Nh6 Kd7 51. Kf6 Bf1 52. Nf7 Bh3 53.
Ng5 Bg4 54. Kf7 Bf5 55. Kf6 Bg4 56. Nh7 cxd4 57. cxd4 Kc6 58. Nf8 Kb5 59. Nxe6 Kc4 60.
Nc7 Kb3 61. Nxd5 Kxb2 62. Nxb6 Kxa3 63. e6 Kb4 64. e7 Bh5 65. Nxa4 Kxa4 66. d5 Kb5 67. Ke6 Kc5 68. d6 Kc6 69. d7 Bg4+ 70. Ke5 Bxd7 71. Kxe4 Kd6 72. e8=Q Bxe8 73. Kd4 Ke7 74. e4 Bf7 75. e5 Be8 76. e6 Kxe6 1/2-1/2

[Event "*** Titled Tuesday Blitz"]
[Site "Chess.com"]
[Date "2021.04.27"]
[Round "9"]
[White "MatyChess1"]
[Black "ChristopherYoo"]
[Result "0-1"]
[WhiteElo "2675"]
[BlackElo "2933"]
[TimeControl "180+1"]
[EndTime "11:45:14 PDT"]
[Termination "ChristopherYoo won by resignation"]

1. e4 c5 2. Nf3 e6 3. g3 Nc6 4. Bg2 Nf6 5. Qe2 Be7 6. O-O d5 7. exd5 exd5 8. d4 cxd4 9. Nbd2 Bg4 10. Nb3 O-O 11. Qd3 Bxf3 12. Bxf3 Qb6 13. a3 Ne5 14. Qd1 d3 15. Bg2 dxc2 16. Qxc2 Rac8 17. Qd1 Rfd8 18. Be3 Qa6 19. Re1 Nc4 20. Bd4 Ne4 21. Bxe4 dxe4 22. Qg4 Bf6 23. Rxe4 Bxd4 24. Rxd4 Nxb2 25. Re1 Qf6 26. Rd7 g6 27. Ree7 Rxd7 28. Qxd7 Rc2 29. Qd8+ Kg7 30. Qd4 Qxd4 31. Nxd4 Rd2 32.
Nf3 Rc2 33. h4 Nd3 34. Rxb7 Rc1+ 35. Kg2 Rc2 36. Kg1 h6 37. Rxa7 Nxf2 38. Ne5 Nh3+ 39.
Kf1 Rf2+ 40. Ke1 Rf5 41. Nd3 Rf3 42. Ke2 Rxg3 43. Ne5 Kg8 44. Nxf7 h5 45. Nd6 Rg4 46. a4 Rxh4 47. a5 Ra4 48. a6 h4 49. Ne8 Nf4+ 50. Kf3 h3 51. Nf6+ Kf8 52. Nh7+ Ke8 53. Nf6+ Kd8 54.
Rh7 Rxa6 55. Ne4 g5 56. Nxg5 Rf6 57. Rh8+ Kd7 58. Kg4 Kc6 59. Nxh3 Nd5 60. Kg5 Rf1 61. Rh6+ Kc5 62. Rh5 Rf3 63. Kg4 Rd3 64. Nf4 Rd4 65. Re5 Rxf4+ 66. Kg5 Rd4 67. Re8 Rd1 68. Rh8 Rg1+ 69.
Kf5 Rf1+ 70. Kg5 Kd4 71. Kg4 Ne3+ 72. Kg3 Kd3 73. Re8 Ke2 74. Kh4 Rg1 75. Kh5 Kf3 76.
Rf8+ Ke4 77. Kh6 Nf5+ 78. Kh5 Kf4 79. Rg8 Rh1+ 80. Kg6 Ne7+ 81. Kf7 Nxg8 82. Kxg8 Kf5 83. Kf7 Rh7+ 0-1

[Event "*** Titled Tuesday Blitz"]
[Site "Chess.com"]
[Date "2021.04.27"]
[Round "9"]
[White "GM_LOADING"]
[Black "Nozdrachev_Vladislav"]
[Result "1-0"]
[WhiteElo "2569"]
[BlackElo "2693"]
[TimeControl "180+1"]
[EndTime "11:45:20 PDT"]
[Termination "GM_LOADING won by resignation"]

1. e4 c5 2. Nf3 Nf6 3. Nc3 d5 4. exd5 Nxd5 5. Bc4 Nb6 6. Bd3 Nc6 7. O-O g6 8. b3 Bg7 9. Bb2 O-O 10. Re1 Bg4 11. Be4 Qd7 12. h3 Bf5 13. Qc1 Rfe8 14. d3 Nd4 15. Qd1 e5 16. a4 Rad8 17. a5 Nc8 18.
Bxf5 Qxf5 19. Nxd4 cxd4 20. Ne4 Qd7 21. Qf3 Qc6 22. Ba3 f5 23. Ng5 Nd6 24. Qxc6 bxc6 25. Bxd6 Rxd6 26. Ra4 Rd5 27. Rc4 c5 28. a6 Rb8 29.
Ne6 Bf8 30. f4 exf4 31. Nxf8 Kxf8 32. Re6 Rb5 33. Rc6 Ra5 34. Kf2 Ke7 35. Rc7+ Rd7 36.
R7xc5 Rxa6 37. Kf3 Re6 38. Rc7 g5 39. Rxd7+ Kxd7 40. Rxd4+ Kc6 41. Rc4+ Kb5 42. Rc7 h5 43. Rxa7 Re3+ 44. Kf2 g4 45. Rf7 g3+ 46. Kf1 Re5 47. d4 Re4 48. Rxf5+ Kb4 49. Rxh5 Kc3 50. Rc5+ Kd2 51. Re5 Rxd4 52. c4 Kc3 53. c5 Rd1+ 54.
Re1 Rd2 55. c6 Rc2 56. c7 Kxb3 57. Rb1+ Ka2 58. Rb4 f3 59. gxf3 Rxc7 60. Kg2 Rg7 61. Rg4 Rh7 62. Kxg3 Kb3 63. Rd4 Kc3 64. Rd8 Kc4 65. f4 Rg7+ 66. Kf3 Kc5 67. h4 Rh7 68. Kg4 Rg7+ 69. Kh5 Rh7+ 70. Kg6 Rxh4 71. f5 Rg4+ 72. Kf7 Kc6 73. f6 Kc7 74. Rd1 Rg2 75. Ke7 Re2+ 76.
Kf8 Rf2 77. f7 Rg2 78. Rd4 Rg1 79. Ke7 Re1+ 80. Kf6 Rf1+ 81. Ke6 Rf2 82. Rd5 1-0

[Event "*** Titled Tuesday Blitz"]
[Site "Chess.com"]
[Date "2021.04.27"]
[Round "9"]
[White "masteryoungK"]
[Black "levallem"]
[Result "1-0"]
[WhiteElo "2430"]
[BlackElo "2274"]
[TimeControl "180+1"]
[EndTime "11:45:22 PDT"]
[Termination "masteryoungK won on time"]

1. e4 d5 2. exd5 Qxd5 3. Nc3 Qa5 4. Nf3 Nf6 5. Bc4 c6 6. d3 e6 7. O-O Bd6 8. Re1 Qc7 9. Ne4 Nxe4 10. dxe4 O-O 11. e5 Be7 12. Bg5 Bxg5 13. Nxg5 h6 14. Nf3 Nd7 15. Qd6 Qxd6 16. exd6 Nb6 17. Bb3 Bd7 18. Ne5 c5 19. c3 Rad8 20. Rad1 a5 21. f4 a4 22. Bc2 Bb5 23. Be4 Ba6 24. f5 Rfe8 25. b3 axb3 26. axb3 Nd7 27. Nxf7 Kxf7 28. fxe6+ Rxe6 29. Bd5 Nf8 30. c4 Rxd6 31. Bxe6+ Rxe6 32. Rf1+ Ke7 33. Rd3 Nd7 34. Rg3 g5 35. h4 Re5 36. hxg5 hxg5 37. Rgf3 b5 38. Rf7+ Kd6 39. cxb5 Bxb5 40. Rd1+ Ke6 41. Rh7 Nf6 42. Rb7 Be2 43. Re1 Bd3 44. Rb6+ Kf5 45. Rd1 Be4 46. Rf1+ Kg4 47. Rfxf6 Rd5 48. Rf1 Rd2 49. Rf2 Rd1+ 50.
Kh2 Rd3 51. Re6 Bf5 52. Re1 Rxb3 53. Rc1 Bd3 54. Rxc5 Be4 55. Rc4 Re3 56. Rd4 Kh5 57. Rc4 Bh7 58. Rc5 Bg6 59. Rd2 Re7 60. Rdd5 Kh6 61.
Rxg5 Re4 62. Rge5 Rh4+ 63. Kg3 Rd4 64. Kf2 Rd6 65. Rcd5 Rf6+ 66. Kg3 Rb6 67. Kf2 Rc6 68. Ke3 Rc2 69. g4 Rc3+ 70. Kf4 Rc4+ 71. Kg3 Rc3+ 72. Kh4 Rc4 73. Rd1 Rf4 74. Rde1 Rc4 75. Re6 Rb4 76. Rf1 Kg7 77. Re7+ Kh6 78. Re3 Kg7 79. Ref3 Rc4 80. Rf4 Rc5 81. Re1 Rc2 82. Re7+ Kg8 83. Kg5 Rc6 84. Rd4 1-0

[Event "*** Titled Tuesday Blitz"]
[Site "Chess.com"]
[Date "2021.04.27"]
[Round "9"]
[White "Grandmaster2B"]
[Black "kubal123"]
[Result "0-1"]
[WhiteElo "2488"]
[BlackElo "2314"]
[TimeControl "180+1"]
[EndTime "11:45:24 PDT"]
[Termination "kubal123 won by checkmate"]

1. e4 c6 2. d4 d5 3. exd5 cxd5 4. Bd3 Nc6 5. c3 Nf6 6. h3 e6 7. Nf3 Bd6 8. O-O O-O 9. Re1 a6 10. Ne5 Nd7 11. Nf3 b5 12. a3 Bb7 13. Bg5 Qc7 14.
Nbd2 Rfe8 15. Nf1 Nf8 16. Ne3 Na5 17. Ng4 Nc4 18. Qc1 Be7 19. Bf4 Bd6 20. Nfe5 f6 21.
Bh6 fxe5 22. Qg5 e4 23. Bxc4 bxc4 24. Nf6+ Kh8 25. Nxe8 Rxe8 26. Qh5 Ng6 27. Bd2 Rf8 28.
Rab1 Bh2+ 29. Kf1 Nf4 30. Qg4 Nd3 31. Re2 Bd6 32. Be3 a5 33. Kg1 a4 34. h4 Qf7 35.
h5 Qf5 36. Qh4 Bf4 37. h6 Bxe3 38. hxg7+ Kxg7 39. fxe3 Qf6 40. Qg3+ Kh8 41. Kh2 Rg8 42. Qh3 Bc8 43. Qh5 Qf5 44. Qxf5 exf5 45. g3 Rg4 46.
Rf1 Rg5 47. Kg2 Kg7 48. Rh1 Kg6 49. Rh4 h5 50. Kh2 Rg4 51. Rh3 Kg5 52. Kh1 Be6 53. Reh2 Bf7 54. Rg2 Bg6 55. Rh4 Kf6 56. Rh3 Bf7 57.
Rhh2 Rg8 58. Kg1 Rb8 59. Kf1 Kg5 60. Kg1 Kg4 61. Kf1 Kf3 62. Re2 Kxg3 63. Rhg2+ Kf3 64. Rh2 Kg4 65. Rhg2+ Kh4 66. Rh2+ Kg5 67. Rhg2+ Kf6 68. Rh2 Rg8 69. Rh4 Rg4 70. Rhh2 Kg5 71. Rh1 h4 72. Reh2 Nc1 73. Ke1 Nd3+ 74. Kd2 Bh5 75. Kc2 Rg3 76. Rxh4 Bg4 77. Rh8 Rxe3 78. Rg8+ Kf4 79. Rf1+ Rf3 80. Rg1 Rf2+ 81. Kb1 Rxb2+ 82. Ka1 Rb3 83. Rf1+ Bf3 84. Rh8 Rxa3+ 85. Kb1 Rb3+ 86. Kc2 Rb2# 0-1

[Event "*** Titled Tuesday Blitz"]
[Site "Chess.com"]
[Date "2021.04.27"]
[Round "9"]
[White "ural58"]
[Black "Julianos82"]
[Result "1-0"]
[WhiteElo "2469"]
[BlackElo "2313"]
[TimeControl "180+1"]
[EndTime "11:45:35 PDT"]
[Termination "ural58 won by checkmate"]

1. e4 c5 2. b3 b6 3. d4 cxd4 4. Qxd4 Bb7 5. Bb2 Nc6 6. Qd2 e6 7. Nc3 a6 8. O-O-O Qc7 9. Nf3 Nf6 10. Bd3 Bb4 11. a3 Be7 12. Rhe1 d6 13. g4 Nd7 14. Ne2 O-O 15. g5 Nde5 16. Nxe5 dxe5 17. h4 Rac8 18. Kb1 b5 19. Qe3 Rfd8 20. Qg3 Qb6 21.
f4 a5 22. f5 a4 23. f6 Bxa3 24. Bxa3 b4 25. Bb2 Ra8 26. g6 hxg6 27. h5 axb3 28.
hxg6 bxc2+ 29. Bxc2 gxf6 30. gxf7+ Kxf7 31. Rxd8 Rxd8 32.
Rh1 Rg8 33. Rh7+ Kf8 34. Qh2 Qe3 35. Qh6+ Qxh6 36. Rxh6 Rg2 37. Nc1 Kg7 38. Rh1 Nd4 39. Bd3 f5 40. Re1 f4 41. Ne2 Nf3 42. Nxf4 Rg4 43.
Nxe6+ Kf6 44. Rf1 Kxe6 45. Rxf3 Bxe4 46. Bxe4 Rxe4 47. Rh3 Re2 48. Rb3 Kd5 49. Rxb4 Ke6 50. Bc3 Kf5 51. Kc1 e4 52. Kd1 Ra2 53. Bd2 Kg4 54. Rxe4+ Kf3 55. Re3+ Kf2 56. Bc1 Ra1 57. Re8 Ra2 58. Rf8+ Kg3 59. Bd2 Kg4 60. Ke2 Kh5 61. Kd3 Kg6 62. Bc3 Ra4 63. Bd4 Ra2 64. Ke4 Re2+ 65.
Be3 Kg7 66. Rf4 Ra2 67. Rf3 Ra5 68. Bd4+ Kg6 69. Rf6+ Kg5 70. Rf7 Ra4 71. Rg7+ Kh6 72. Rg2 Kh7 73. Ke5 Kh6 74. Rg1 Kh5 75. Rg8 Kh6 76. Rf8 Kg7 77. Rf4 Kg6 78. Ke4 Kh5 79. Rf7 Kg6 80. Rd7 Kh5 81. Kf5 Ra5+ 82. Be5 Kh6 83. Rd8 Ra7 84. Rh8+ Rh7 85. Rg8 Rf7+ 86. Bf6 Kh7 87. Rh8# 1-0

[Event "*** Titled Tuesday Blitz"]
[Site "Chess.com"]
[Date "2021.04.27"]
[Round "9"]
[White "Omk124"]
[Black "harlem4brew"]
[Result "1/2-1/2"]
[WhiteElo "2541"]
[BlackElo "2401"]
[TimeControl "180+1"]
[EndTime "11:45:42 PDT"]
[Termination "Game drawn - insufficient material"]

1. e4 c5 2. Nf3 d6 3. d3 g6 4. g3 Bg7 5. Bg2 Nf6 6. O-O O-O 7. Nc3 Nc6 8. Bg5 Bg4 9. Qd2 Bxf3 10. Bxf3 Nd4 11.
Bg2 Rb8 12. Rac1 b5 13. Bh6 b4 14. Nd1 Bxh6 15. Qxh6 Ne2+ 16. Kh1 Nxc1 17. Qxc1 Qa5 18. Qb1 Rfc8 19. Ne3 Qb5 20. f4 Nd7 21. b3 a5 22.
Qb2 a4 23. Nd5 Re8 24. Nc7 Qa5 25. Nxe8 Rxe8 26. e5 axb3 27. axb3 Qa3 28. Qxa3 bxa3 29. Ra1 dxe5 30. fxe5 Nxe5 31. Rxa3 Rc8 32. Bd5 e6 33. Bb7 Rc7 34. Ra8+ Kg7 35. Bg2 Ng4 36. Bf3 Ne3 37. Ra2 Nf5 38. c3 Rd7 39. Rd2 Ne3 40. Kg1 Nd5 41. Bxd5 exd5 42. d4 Rc7 43. dxc5 Rxc5 44. Rd3 Kf6 45. Kf2 Ke5 46. Re3+ Kd6 47. Ke2 Rb5 48. b4 Rb7 49. Kd3 Rc7 50. Rf3 f5 51.
Re3 Ra7 52. Re8 Ra2 53. Re2 Ra7 54. Kd4 Rc7 55. Re8 Rc4+ 56. Kd3 Rc7 57. Rd8+ Ke5 58. h4 Rc4 59. Rd7 Rg4 60. Re7+ Kd6 61. Rxh7 Rxg3+ 62.
Kd2 Rg2+ 63. Kd3 Rg3+ 64. Kc2 Rg2+ 65. Kb3 Rg3 66. Rg7 d4 67. Kb2 dxc3+ 68. Kc2 Kd5 69. h5 Kc4 70. Rxg6 Rh3 71. Rc6+ Kxb4 72. h6 f4 73. Rf6 Rh2+ 74. Kd3 Rd2+ 75. Ke4 c2 76.
Rb6+ Kc3 77. Rc6+ Kb2 78. Rb6+ Kc1 79. Kxf4 Kd1 80. Rc6 Rh2 81. Rd6+ Kc1 82. Kg5 Kb2 83. Rb6+ Ka2 84. Rc6 Kb2 85. Kg6 Rh3 86. Rb6+ Ka2 87. Rc6 Kb1 88. h7 c1=Q 89. Rxc1+ Kxc1 90. Kg7 Rg3+ 91. Kf7 Rf3+ 92. Kg7 Rh3 93. h8=Q Rxh8 94. Kxh8 1/2-1/2